Map: Abyssal Reef LE

Players

Musumeci

  • Race: Zerg Zerg
  • League: Diamond
  • Spawn Location: 5:00

petrLXXIVrus - Winner!

  • Race: Terran Terran
  • League: Diamond
  • Spawn Location: 11:00

VOD

Have the link to the VOD?

Description

Time

  • Played on: March 8, 2017, 8:29 a.m.
  • Length: 15:15
Show
View Real Time Build Order
Export as new Build Order

Musumeci Zerg 

Build Orders: Pool First, Ravager All-In 

Get SALT Encoding   

  12  0:00  Drone  
  13  0:22  Spawning Pool  
  12  0:31  Extractor  
  12  0:33  Drone x2  
  13  0:40  Drone  
  14  0:47  Overlord  
  14  1:09  Roach Warren  
  13  1:11  Drone  
  13  1:13  Drone  
  15  1:40  Overlord  
  15  1:50  Roach x2  
  20  1:54  Roach  
  20  1:58  Extractor  
  19  2:12  Ravager  
  19  2:15  Drone  
  21  2:17  Roach  
  23  2:41  Ravager  
  24  2:44  Drone  
  24  2:45  Roach  
  24  2:46  Roach  
  29  2:57  Ravager  
  27  3:28  Ravager  
  25  3:36  Ravager x2  
  25  3:39  Roach x2  
  25  3:41  Queen  
  30  3:56  Hatchery  
  29  4:25  Drone  
  30  4:32  Overlord  
  27  5:03  Roach  
  27  5:05  Drone  
  27  5:06  Drone  
  28  5:12  Queen  
  28  5:13  Queen  
  28  5:14  Drone  
  30  5:22  Ravager  
  30  5:23  Ravager  
  30  5:26  Drone  
  30  5:27  Drone x2  
  35  5:30  Drone  
  36  6:10  Drone x7  
  43  6:30  Ravager  
  44  6:40  Overlord x3  
  44  6:43  Hatchery  
  43  6:54  Drone  
  44  6:57  Queen  
  46  7:08  Spore Crawler  
  46  7:10  Spore Crawler  
  46  7:11  Roach x4, Spore Crawler  
  46  7:12  Roach  
  46  7:13  Drone x2  
  55  7:19  Lair  
  55  7:39  Drone x9  
  55  7:43  Extractor  
  63  7:45  Extractor  
  62  8:02  Drone x5  
  62  8:03  Drone  
  68  8:14  Evolution Chamber  
  68  8:15  Roach x3  
  68  8:18  Evolution Chamber  
  63  8:51  Overlord x2  
  63  8:52  Overlord x3  
  63  9:00  Extractor  
  63  9:01  Hatchery  
  61  9:05  Extractor  
  60  9:10  Ravager x8  
  60  9:12  Drone  
  60  9:13  Drone x2  
  60  9:14  Drone x3  
  60  9:16  Roach x3  
  80  9:17  Drone x2  
  82  9:29  Drone x2  
  84  9:40  Glial Reconstitution  
  84  9:42  Zerg Missile Weapons Level 1  
  72  10:04  Drone  
  72  10:05  Drone x9  
  79  10:20  Ravager  
  80  10:22  Zerg Ground Armor Level 1  
  80  10:24  Hatchery, Roach x8  
  80  10:25  Roach  
  97  10:38  Ravager  
  97  10:42  Overlord x5  
  98  11:01  Tunneling Claws  
  98  11:03  Burrow  
  98  11:04  Roach x9  
  87  11:20  Roach x8  
  101  11:32  Drone x2  
  103  11:33  Drone x5  
  103  11:38  Hatchery  
  107  11:45  Ravager x9  
  116  11:56  Zerg Missile Weapons Level 2  
  97  12:23  Roach x16  
  106  12:32  Roach x4  
  107  12:37  Roach  
  107  12:38  Roach x3  
  107  12:42  Drone x18  
  107  13:00  Lair  
  107  13:06  Roach  
  107  13:08  Extractor  
  107  13:09  Ravager x3  
  107  13:10  Hatchery  
  107  13:11  Extractor  
  109  13:13  Drone x10  
  109  13:15  Roach x5  
  109  13:16  Roach  
  108  13:46  Roach x7  
  120  14:04  Roach  
  114  14:10  Roach x6  
  114  14:16  Drone x3  
  129  14:20  Drone x2  
  127  14:26  Drone  
  127  14:28  Drone  
Show
View Real Time Build Order
Export as new Build Order

petrLXXIVrus Terran - Winner!

Build Orders: Reaper Expand, MMM Bio 

Get SALT Encoding   

  12  0:01  SCV  
  13  0:13  SCV  
  14  0:18  Supply Depot  
  14  0:25  SCV  
  15  0:39  SCV  
  15  0:41  Barracks  
  16  0:46  Refinery  
  16  0:51  SCV  
  17  1:05  SCV  
  18  1:17  SCV  
  19  1:31  Orbital Command  
  19  1:32  Reaper  
  20  1:48  Command Center  
  20  1:57  SCV  
  21  2:04  Marine  
  21  2:08  Barracks  
  22  2:11  SCV  
  23  2:17  Supply Depot  
  23  2:20  Refinery  
  23  2:30  Barracks Reactor  
  23  2:38  SCV  
  23  2:40  Bunker  
  23  2:41  Bunker  
  24  2:50  SCV  
  25  2:54  Factory  
  25  2:56  Barracks Tech Lab  
  25  3:09  Marine x2  
  26  3:13  Orbital Command  
  26  3:17  Marine  
  26  3:36  Marine x2  
  28  3:47  Stimpack  
  28  3:57  Cyclone  
  31  4:09  SCV  
  32  4:10  SCV  
  28  4:22  Supply Depot  
  28  4:26  SCV x2  
  30  4:36  Factory Tech Lab  
  29  4:44  Marine x3  
  32  5:17  Starport  
  32  5:18  Marine x2  
  32  5:19  Marine  
  35  5:21  SCV x2  
  35  5:24  Siege Tank  
  40  5:36  Marine x3  
  41  5:55  Medivac  
  43  6:04  Marine, Combat Shields  
  43  6:05  Marine x2  
  46  6:13  Supply Depot  
  46  6:14  Supply Depot  
  46  6:15  Orbital Command  
  46  6:37  Marine  
  46  6:38  Marine x2, Medivac  
  51  6:42  SCV x2  
  53  6:49  Bunker, Command Center  
  53  6:54  SCV x2  
  55  6:56  Siege Tank  
  55  6:57  Marine x3  
  61  7:05  Engineering Bay  
  61  7:07  Supply Depot  
  61  7:16  SCV  
  62  7:25  Supply Depot  
  62  7:28  SCV  
  63  7:35  SCV  
  64  7:37  Supply Depot x2  
  64  7:38  Supply Depot  
  64  7:40  SCV  
  65  7:46  Terran Infantry Weapons Level 1  
  65  7:47  Missile Turret  
  65  7:48  Engineering Bay  
  65  7:49  SCV  
  66  7:51  Armory  
  66  8:04  SCV x2  
  67  8:05  Orbital Command  
  67  8:12  Missile Turret  
  67  8:16  SCV x2  
  69  8:23  Marine x3  
  72  8:28  SCV x2  
  72  8:41  Marine  
  67  8:48  Starport Reactor  
  65  8:53  Barracks  
  65  8:55  Barracks  
  65  8:56  Barracks  
  65  8:58  Marine x2  
  65  8:59  Orbital Command, Marine  
  65  9:01  Refinery  
  68  9:03  Refinery  
  68  9:10  Terran Infantry Armor Level 1  
  68  9:18  Missile Turret  
  68  9:25  Marauder, Marine x2  
  68  9:29  SCV x2  
  74  9:31  SCV  
  74  9:35  Medivac  
  74  9:36  Medivac  
  79  9:41  SCV  
  80  9:51  SCV x2  
  82  10:05  Barracks Reactor x2, Barracks Tech Lab  
  81  10:09  Marauder, SCV x2, Marine  
  86  10:16  Marine  
  86  10:20  Terran Vehicle Weapons Level 1, Siege Tank  
  90  10:27  Marine  
  91  10:30  Terran Infantry Weapons Level 2  
  91  10:31  Marauder  
  91  10:34  Marauder, Marine  
  96  10:38  Supply Depot  
  96  10:41  SCV x2  
  98  10:45  Marine  
  98  10:49  Marine x4  
  103  10:50  Medivac  
  103  10:51  Medivac  
  103  10:52  Marauder, Marine  
  103  10:54  Supply Depot  
  103  10:55  Supply Depot  
  103  10:56  Marauder  
  112  11:03  Marine  
  113  11:07  Marine x2  
  113  11:09  Marine  
  107  11:14  Marauder  
  107  11:17  Marine  
  105  11:21  Marine x2  
  105  11:22  Marine  
  105  11:23  Medivac x2  
  105  11:24  Marine x2  
  114  11:27  Marine  
  114  11:29  SCV x2  
  117  11:35  Marauder x2  
  117  11:39  Marine x2  
  123  11:49  Marine x3  
  123  11:50  Terran Infantry Armor Level 2, Marine  
  127  11:56  Marauder x2, Supply Depot x2  
  127  11:57  Supply Depot x2  
  131  12:02  Missile Turret  
  131  12:07  Missile Turret, Marine  
  131  12:08  Marine x4  
  136  12:18  Marauder x2  
  136  12:20  Supply Depot  
  128  12:35  Marine  
  128  12:36  Marine x5  
  134  12:39  Marauder x2  
  133  12:53  Marine x2  
  133  12:54  Marine x2  
  133  13:00  Marine  
  133  13:01  Marauder x2, Refinery x2, Marine  
  133  13:04  Siege Tank  
  142  13:11  Marine x3, Command Center  
  142  13:12  Marine  
  146  13:18  Marine x2  
  148  13:22  Marauder x2  
  143  13:29  Marine x3  
  146  13:43  Marauder x2  
  150  13:56  Marine x2  
  152  14:05  Marauder x2  
  152  14:06  Marine x4  
  160  14:13  Missile Turret  
  160  14:14  Marine x2  
  160  14:15  Medivac x2, Siege Tank  
  169  14:20  Supply Depot  
  169  14:23  Marine  
  169  14:24  Marine x2  
  170  14:26  Marauder x2  
  176  14:33  Marine  
  176  14:41  Marine x2  
  176  14:42  Marine x2  
  176  14:45  Medivac  
  170  14:47  Marauder  
  170  14:48  Marauder  
Tags
 
Add a new tag
Caveats
  • Supply blocks, unpowered buildings, or Contaminate may cause inaccurate times.
  • Supply counts are checked every 10 seconds.